 Dungeon Crawl Stone Soup version 0.31-a0-150-g89dc3ad700 (webtiles) character file.

Game seed: 9551221646780790579

78 qw the Shooter (level 4, -2/38 HPs)
             Began as a Minotaur Hunter on June 8, 2023.
             Killed from afar by a dart slug (5 damage)
             ... with a slug dart
             ... on level 3 of the Dungeon.
             The game lasted 00:00:40 (1779 turns).

qw the Shooter (Minotaur Hunter)                    Turns: 1779, Time: 00:00:40

Health: -2/38      AC:  3    Str: 16    XL:     4   Next: 15%
Magic:  3/3        EV: 13    Int:  6    God:
Gold:   139        SH:  5    Dex: 21    Spells: 3/3 levels left

rFire   . . .        Y - +0 shortbow
rCold   . . .        (shield currently unavailable)
rNeg    + . .        c - +0 leather armour
rPois   .            (helmet restricted)
rElec   .            (no cloak)
rCorr   .            (no gloves)
SInv    .            (no boots)
Will    .....        h - amulet of reflection
Stlth   ++           d - ring of positive energy
HPRegen 0.26/turn    f - +6 ring of dexterity
MPRegen 0.08/turn

%: reflection
@: no status effects
A: horns 2, retaliatory headbutt
a: no special abilities


You were on level 3 of the Dungeon.
You visited 1 branch of the dungeon, and saw 3 of its levels.

You collected 139 gold pieces.


Innate Abilities, Weirdness & Mutations

You have a pair of horns on your head.
You reflexively headbutt those who attack you in melee.


   Skills:
 - Level 3.0 Fighting
 - Level 6.0 Ranged Weapons
 + Level 2.4 Dodging
 - Level 0.7 Stealth


You had 3 spell levels left.
You didn't know any spells.
Your spell library was empty.

Inventory:

Hand Weapons
 Y - a +0 shortbow (weapon)
Armour
 c - a +0 leather armour (worn)
Jewellery
 d - a ring of positive energy (left hand)
 f - a +6 ring of dexterity (right hand)
 h - an amulet of reflection (around neck)
Scrolls
 a - a scroll of poison {unknown}
Potions
 e - a potion of curing
 i - a potion of cancellation

Dungeon Overview and Level Annotations

Branches:
Dungeon (3/15)

Altars:

Annotations:
D:2 1 runed translucent door, Crazy Yiuf


Message History

The orc misses you. The orc priest closely misses you.
You shoot an arrow. The arrow hits the orc priest.
The orc priest is lightly wounded.
The dart slug launches a dart at you. The slug dart hits you.
The orc hits you with a +0 club.
An orc comes into view. It is wielding a +0 hand axe.
The orc priest hits you with a +0 club.
You shoot an arrow.
The arrow closely misses the orc priest.
An endoplasm comes into view.
You block the orc's attack.
The orc priest hits you but does no damage.
The dart slug bites you.
You shoot an arrow.
The arrow hits the orc priest but does no damage.
The orc priest is lightly wounded.
The orc hits you with a +0 club.
The orc priest hits you but does no damage.
The dart slug launches a dart at you. The slug dart hits you.
You shoot an arrow. The arrow hits the orc priest.
The orc priest is heavily wounded.
The orc priest hits you but does no damage.
The orc closely misses you. You furiously retaliate!
You headbutt the orc. The dart slug launches a dart at you.
The slug dart hits you but does no damage.
You shoot an arrow. The arrow hits the orc.
You kill the orc!
You block the orc priest's attack. The orc barely misses you.
The orc priest hits you with a +0 club.
You shoot an arrow. The arrow hits the orc priest.
The orc priest is almost dead.
The dart slug bites you but does no damage.
You block the orc priest's attack. The orc barely misses you.
You furiously retaliate!
You headbutt the orc. You shoot an arrow. The arrow hits the orc priest.
You kill the orc priest!
The dart slug launches a dart at you. The slug dart hits you.
You die...

### # ..# .# # #.# ...
#.#.# .... #J#.##.....
#.# #oo)w...... #.#
#@# #.# #.#
#.########.## ###
#.#.........# #.##
#.#.######..# .#.##
#.#.######..#
###.###.#..........<.#
#.....)...#######.##.#
#.#.###.#.# #.##.#


You could see a dart slug, 2 orcs and an endoplasm.

Vanquished Creatures
  An orc priest (D:3)
  An adder (D:3)
  4 orcs
  5 endoplasms
  A giant cockroach (D:3)
  6 goblins
  4 hobgoblins
  5 jackals
  4 kobolds
  4 quokkas
  6 ball pythons
  7 bats
  5 frilled lizards
  7 rats (D:1)
60 creatures vanquished.

Notes
Turn   | Place    | Note
-------+----------+-------------------------------------------
     0 | D:1      | qw the Minotaur Hunter began the quest for the Orb.
     0 | D:1      | Reached XP level 1. HP: 18/18 MP: 0/0
     0 | D:1      | 0 ||| qw: Version: 0.2-a-119-g7aa9181
     0 | D:1      | 0 ||| qw: Game counter: 2845
     0 | D:1      | 0 ||| qw: Always use a shield: true
     0 | D:1      | 0 ||| qw: God list: Okawaru
     0 | D:1      | 0 ||| qw: Allow faded altars: false
     0 | D:1      | 0 ||| qw: Do Orc after D:15 true
     0 | D:1      | 0 ||| qw: Do second Lair branch before Depths: true
     0 | D:1      | 0 ||| qw: Lair rune preference: random
     0 | D:1      | 0 ||| qw: Plans: Normal
     0 | D:1      | 0 ||| PLANNING D:1-11
   161 | D:1      | Reached XP level 2. HP: 25/25 MP: 1/1
   194 | D:1      | Reached skill level 5 in Ranged Weapons
   371 | D:1      | Reached skill level 3 in Fighting
   502 | D:1      | Reached XP level 3. HP: 31/31 MP: 2/2
   623 | D:1      | 623 ||| UPGRADING to amulet of reflection.
   628 | D:1      | 628 ||| UPGRADING to ring of positive energy.
   629 | D:1      | 629 ||| UPGRADING to +6 ring of dexterity.
   630 | D:1      | 630 ||| READING scroll labelled VEFISA MAZ UBOMA.
   677 | D:1      | 677 ||| DRINKING 2 fizzy grey potions.
   678 | D:1      | 678 ||| DROPPING scroll of butterflies.
   953 | D:2      | Found a runed translucent door.
   954 | D:2      | Noticed Crazy Yiuf
  1329 | D:2      | 1329 ||| READING scroll labelled AMAUCI KONE.
  1430 | D:2      | 1430 ||| READING scroll labelled TULLYL HAEPS.
  1462 | D:2      | 1462 ||| DRINKING 2 orange potions.
  1647 | D:3      | Reached XP level 4. HP: 38/38 MP: 3/3
  1711 | D:3      | Reached skill level 6 in Ranged Weapons
  1774 | D:3      | HP: 8/38 [dart slug (2)]
  1777 | D:3      | HP: 2/38 [orc priest/+0 club (2)]
  1779 | D:3      | Killed from afar by a dart slug

Levels and vault maps discovered:
D:1:      evilmike_arrival_plus, layout_loops_cross, minmay_tiny_reverse_x
D:2:      layout_basic, uniq_crazy_yiuf_cottage
D:3:      layout_loops_ring, fedhas_altar_4

Skill      XL: |  1  2  3  4 |
---------------+-------------+-----
Ranged Weapons | 5 6 |  6.0
Fighting       | 3 |  3.0
Dodging        | |  2.4
Stealth        | |  0.7

Action                     |  1- 3 |  4- 6 || total
---------------------------+-------+-------++-------
   Fire: Shortbow          |   124 |    22 ||   146
    Use: Scroll            |     3 |       ||     3
         Potion            |     2 |       ||     2
 Armour: Leather armour    |    15 |     5 ||    20
  Dodge: Dodged            |    19 |     6 ||    25
  Block: Other             |     4 |     4 ||     8
         Reflection        |       |     1 ||     1

Table legend:
 A = Non-vault XP
 B = Vault XP
 C = Vault XP percentage of total XP
 D = Non-vault monster count
 E = Vault monster count
 F = Vault count percentage of total count
                 A         B        C        D         E       F
            +---------+---------+-------+---------+---------+-------
      Total |     151 |       2 |   1.3 |      58 |       2 |   3.3
            +---------+---------+-------+---------+---------+-------
        D:1 |      40 |       2 |   4.8 |      27 |       2 |   6.9
        D:2 |      29 |       0 |   0.0 |      16 |       0 |   0.0
        D:3 |      82 |       0 |   0.0 |      15 |       0 |   0.0
            +---------+---------+-------+---------+---------+-------
